 Dungeon Crawl Stone Soup version 0.23.0 (webtiles) character file.

Game seed: 3631593268791289092

177 Monsterracer the Chopper (level 5, -5/47 HPs)
             Began as a Hill Orc Chaos Knight on Feb 15, 2019.
             Was a Plaything of Xom.
             Killed by divine providence
             ... invoked by an orc priest
              (11 damage)
             ... on level 3 of the Dungeon.
             The game lasted 00:02:50 (2807 turns).

Monsterracer the Chopper (Hill Orc Chaos Knight)    Turns: 2807, Time: 00:02:51

Health: -5/47      AC:  5    Str: 16    XL:     5   Next: 57%
Magic:  5/5        EV: 11    Int: 17    God:    Xom [.*....]
Gold:   132        SH:  0    Dex: 10    Spells: 4/4 levels left

rFire    . . .     SeeInvis .   a - +0 hand axe (chaos)
rCold    . . .     Gourm    .   (no shield)
rNeg     . . .     Faith    .   b - +2 leather armour
rPois    .         Spirit   .   (no helmet)
rElec    .         Reflect  .   (no cloak)
rCorr    .         Harm     .   (no gloves)
MR       .....                  (no boots)
Stlth    +.........             (no amulet)
HPRegen  0.15/turn              k - +5 ring of intelligence
MPRegen  0.09/turn              (no ring)

@: no status effects
A: no striking features
a: Renounce Religion, Convert to Beogh


You were on level 3 of the Dungeon.
You worshipped Xom.
You were a plaything of Xom.
You were not hungry.

You visited 1 branch of the dungeon, and saw 3 of its levels.

You collected 132 gold pieces.

Inventory:

Hand Weapons
 a - a +0 hand axe of chaos (weapon)
Missiles
 i - 2 throwing nets (quivered) {!f}
Armour
 b - a +2 leather armour (worn)
Jewellery
 k - a +5 ring of intelligence (left hand)
Scrolls
 e - a scroll of magic mapping {unknown}
 f - 3 scrolls of remove curse {unknown}
 g - 3 scrolls of blinking {unknown}
 l - a scroll of enchant weapon {unknown}
 m - a scroll of immolation {unknown}
 n - a scroll of vulnerability {unknown}
 q - a scroll of noise {unknown}
Potions
 d - 2 potions of haste {unknown}
 h - a potion of mutation {unknown}
 j - 2 potions of curing {unknown}
 o - a potion of cancellation {unknown}
 r - a potion of degeneration {unknown}
Comestibles
 c - 2 rations
 p - a chunk of flesh


   Skills:
 + Level 4.8 Fighting
 * Level 6.3 Axes
 + Level 3.5 Armour
 - Level 0.7 Dodging


You had 4 spell levels left.
You didn't know any spells.
Your spell library was empty.

Dungeon Overview and Level Annotations

Branches:
Dungeon (3/15)

Altars:
Ashenzari
Hepliaklqana
Xom


Message History

No reachable target in view!
No reachable target in view!
A frilled lizard is nearby!
No reachable target in view!
A frilled lizard is nearby!
No reachable target in view!
No reachable target in view!
You miss the frilled lizard. The frilled lizard barely misses you.
You closely miss the frilled lizard. The frilled lizard barely misses you.
A frilled lizard is nearby!
You miss the frilled lizard.
The frilled lizard completely misses you.
A frilled lizard is nearby!
You hit the frilled lizard.
You kill the frilled lizard!
No target in view!
r - a lumpy cyan potion No target in view!
A hobgoblin comes into view. It is wielding a +0 club.
The hobgoblin shouts!
You hear a shout! x3
A hobgoblin is nearby!
You enter the shallow water.
Moving in this stuff is going to be slow.
The hobgoblin hits you with a cursed +0 club.
An orc comes into view. It is wielding a +0 club.
The hobgoblin hits you but does no damage.
You take 2 damage, and have 45/47 hp.
You closely miss the hobgoblin.
The hobgoblin hits you with a cursed +0 club.
You take 4 damage, and have 41/47 hp.
Your unstable footing causes you to fumble your attack.
An orc comes into view. It is wielding a +0 whip.
The hobgoblin completely misses you.
The orc shouts!
You hit the hobgoblin.
The hobgoblin is poisoned.
The hobgoblin is severely wounded.
You kill the hobgoblin!
An orc wizard comes into view. It is wielding a +0 dagger.
An orc priest comes into view. It is wielding a +0 war axe.
Your unstable footing causes you to fumble your attack.
The orc priest shouts, "Join the one true god or die!" (press Y on the ability menu to convert to Beogh)
The orc priest shouts!
The orc closely misses you.
The orc wizard gestures wildly while chanting.
The orc wizard flickers and vanishes!
Deactivating autopickup; reactivate with Ctrl-A.
You see here a cursed +0 club.
The orc priest casts a cantrip, but nothing happens.
A puff of flame appears from out of thin air!
The puff of flame hits you.
You take 6 damage, and have 38/47 hp.
A puff of flame appears from out of thin air!
The puff of flame hits you!
You take 6 damage, and have 32/47 hp.
Things that are here:
a +0 dagger; a goblin corpse You see here a stone.
You see here a stone.
You barely miss the orc. The orc hits you with a +0 club.
You take 2 damage, and have 30/47 hp.
You hit the orc but do no damage. You hit the orc but do no damage.
The orc is poisoned.
You completely miss something. Something hits you. The orc barely misses you.
You take 2 damage, and have 29/47 hp.
You barely miss the orc.
The orc is lightly wounded.
You hit something. The orc hits you but does no damage.
You closely miss the orc.
The orc is heavily wounded.
You closely miss something. You hit the orc. Something hits you.
The orc hits you with a +0 club.
* * * LOW HITPOINT WARNING * * *
The orc closely misses you.
You take 9 damage, and have 20/47 hp.
Unknown command.
You closely miss the orc.
The orc is moderately wounded.
You hit something but do no damage.
Nothing appears to happen.
You hit the orc but do no damage.
The orc looks as sick as possible!
You hear some strange, mumbled words.
A magic dart appears from out of thin air!
The magic dart hits you!
* * * LOW HITPOINT WARNING * * *
The orc hits you but does no damage. The orc hits you with a +0 whip.
* * * LOW HITPOINT WARNING * * *
You take 11 damage, and have 9/47 hp.
MASSIVE DAMAGE!!
Press: ? - help, v - describe, . - travel
Here: an orc, wielding a +0 whip and wearing a +0 leather armour (moderately wounded)
The floor.
Unknown command.
An orc wizard appears from thin air!
Reactivating autopickup.
The orc wizard gestures at you while chanting.
The puff of frost hits you.
* * * LOW HITPOINT WARNING * * *
The orc priest invokes the aid of Beogh against you.
Beogh smites you!
You die...
Xom bursts into laughter!

#.#.#.#.#.# ...##
#.#.#.#.#.#.#......
...#
#.#.#.#.#.#.#......
#.#.#.#.#.#.#.....
#.#.#.#.#.#.#....
#.#.#.#.#.#....# .
#.#.#.#.#.#....####.
#.#.....#.#†...#...
#.###.#...#...@#..#
#...†.......#oo#..#
#####.#.[.....o#..#
#.########(#..#.#
.........o......#
####....))#.######..
#......#.........
#...o..#########.
#......#


You could see an orc priest, an orc wizard (petrifying) and 2 orcs.

Vanquished Creatures
  A crimson imp (D:2)
  A bullfrog skeleton (D:2)
  6 adders
  A worm (D:2)
  2 dart slugs (D:2)
  4 leopard geckos
  8 bats
  2 giant cockroaches (D:1)
  9 goblins
  6 hobgoblins
  7 kobolds
  2 quokkas
  A ball python (D:2)
  2 frilled lizards
  3 rats
55 creatures vanquished.

Notes
Turn   | Place    | Note
-------+----------+-------------------------------------------
     0 | D:1      | Monsterracer the Hill Orc Chaos Knight began the quest for
                  | the Orb.
     0 | D:1      | Reached XP level 1. HP: 19/19 MP: 1/1
   146 | D:1      | Reached XP level 2. HP: 21/27 MP: 2/2
   333 | D:1      | XOM: harmless Erth miscast
   487 | D:1      | XOM: harmless Hex miscast
   811 | D:1      | XOM: divination: detect creatures
   975 | D:2      | XOM: scenery: create altars
   980 | D:2      | Reached XP level 3. HP: 27/33 MP: 3/3
   989 | D:2      | HP: 16/33 [poisoned by an adder]
   992 | D:2      | Reached skill level 5 in Axes
   994 | D:2      | HP: 10/33 [poisoned by an adder]
  1000 | D:2      | HP: 8/33 [poisoned by an adder]
  1007 | D:1      | HP: 7/33 [poisoned by an adder]
  1015 | D:1      | HP: 5/33 [poisoned by an adder]
  1286 | D:2      | Reached XP level 4. HP: 40/40 MP: 4/4
  1303 | D:2      | Found a hazy altar of Hepliaklqana.
  1344 | D:2      | XOM: god gift: glowing glass ring {god gift}
  1394 | D:2      | XOM: god gift: scroll labeled UWUOTRO NIPETH {god gift}
  1461 | D:2      | Found a shattered altar of Ashenzari.
  1623 | D:2      | XOM: fog
  1636 | D:2      | Reached skill level 6 in Axes
  1636 | D:2      | Reached XP level 5. HP: 43/47 MP: 5/5
  1805 | D:2      | XOM: chaos upgrade
  1806 | D:2      | XOM: butterfly on damage
  1807 | D:2      | HP: 20/47 [kobold/+4 short sword of chaos (5)]
  2011 | D:2      | XOM: smoke on damage
  2720 | D:3      | XOM: smoke on damage
  2805 | D:3      | HP: 20/47 [orc/+0 club (6)]
  2806 | D:3      | HP: 9/47 [orc/+0 whip (3)]
  2807 | D:3      | Killed from afar by an orc priest

Skill      XL: |  1  2  3  4 |
---------------+-------------+-----
Fighting       | 4 |  4.8
Axes           | 5 6 |  6.3
Armour         | 3 |  3.5
Dodging        | |  0.7

Action                   |  1- 3 |  4- 6 || total
-------------------------+-------+-------++-------
Melee: Hand axe          |    84 |   100 ||   184
 Stab: Sleeping          |       |     1 ||     1
  Eat: Chunk             |       |     6 ||     6
Armor: Leather armour    |    31 |    33 ||    64
Dodge: Dodged            |    75 |    47 ||   122

Levels and vault maps discovered:
D:1:      erik_arrival_blinker_ship, layout_basic
D:2:      layout_basic, lemuel_round_altar, ashenzari_conservatory_becter,
          serial_forest, infiniplex_forest_clump_diagonal,
          infiniplex_forest_lined_3, infiniplex_forest_end_2,
          infiniplex_forest_side_room, infiniplex_forest_corner_2,
          infiniplex_forest_clump_long
D:3:      layout_basic, overflow_temple_1_default, gammafunk_ghost_cemetery,
          kennysheep_decorative_pillar, grunt_ministairs_7,
          kennysheep_crisscross, minmay_misc_feat_hallway, nrook_uturn
